 Dungeon Crawl Stone Soup version 0.31-a0-1005-gfbdfbacc72 (webtiles) character file.

Game seed: 2686969798188632745

841792 Armakuni the Demon Slayer (level 27, -53/237 HPs)
             Began as a Human Monk on Nov 11, 2023.
             Was a High Priest of the Shining One.
             Annihilated by a pharaoh ant (60 damage)
             ... on level 3 of a ziggurat.
             The game lasted 04:42:08 (67275 turns).

Armakuni the Demon Slayer (Human Monk)             Turns: 67275, Time: 04:42:09

Health: -53/237    AC: -4    Str: 16      XL:     27
Magic:  3/44       EV: 28    Int: 15 (19) God:    the Shining One [*****.]
Gold:   3735       SH: 36    Dex: 34      Spells: 1/40 levels left

rFire   + + .        a - +8 eudemon blade (holy)
rCold   + + +        r - +2 kite shield {reflect}
rNeg    + + +        A - +10 pearl dragon scales
rPois   +            o - -2 hat of the Alchemist {rElec rPois rF+ rC+ rN+ Will+ rMut rCorr}
rElec   +            Q - scarf {rC+ rF+}
rCorr   +            N - +1 pair of gloves "Jeepn" {Will+ Slay+3}
SInv    +            F - +2 pair of boots "Cuerec" {Will+}
Will    +++++        J - amulet "Vidayf" {Regen+ Int+2}
Stlth   +            K - ring of Traps {+Blink rElec rN+ Int+3 Dex+4}
HPRegen 1.39/turn    D - ring of Juisi {*Corrode Fly EV+5 Dex+8 SInv}
MPRegen 0.29/turn

%: corrode self (3%), reflection, resist mutation
@: divinely shielded, corroded, flying, glowing, studying 2 skills
A: talons 1, cold resistance 2, high MP 1, evolution 1, subdued magic 1
}: 10/15 runes: barnacled, slimy, silver, abyssal, demonic, glowing, magical,
fiery, dark, gossamer
a: Renounce Religion, Evoke Blink, Divine Shield, Cleansing Flame, Summon Divine
Warrior


You were on level 3 of a ziggurat.
You worshipped the Shining One.
The Shining One was extremely pleased with you.
You visited 11 branches of the dungeon, and saw 51 of its levels.
You visited Pandemonium 2 times, and saw 20 of its levels.
You visited the Abyss 2 times.
You visited 1 ziggurat, and saw 3 of its levels.
You also visited: Trove, Gauntlet and Ice Cave.

You collected 9636 gold pieces.
You spent 5901 gold pieces at shops.

Inventory:

Hand Weapons
 a - a +8 eudemon blade of holy wrath (weapon)
 b - a +1 hand cannon of electrocution
Armour
 o - the -2 hat of the Alchemist (worn) {rElec rPois rF+ rC+ rN+ Will+ rMut rCorr}
   (You bought it in a shop on level 1 of the Shoals)

   rF+:       It protects you from fire.
   rC+:       It protects you from cold.
   rElec:     It insulates you from electricity.
   rPois:     It protects you from poison rN+: It protects you from negative
   energy.
   Will+:     It increases your willpower.
   rCorr:     It protects you from acid and corrosion.
   rMut:      It protects you from mutation.
 r - a +2 kite shield of reflection (worn)
 A - +10 pearl dragon scales (worn)
 F - the +2 pair of boots "Cuerec" (worn) {Will+}
   (You found it in Pandemonium)

   Will+:     It increases your willpower.
 N - the +1 pair of gloves "Jeepn" (worn) {Will+ Slay+3}
   (You acquired it on level 1 of the Shoals)

   Slay+3:    It affects your accuracy & damage with ranged weapons and melee
   (+3).
   Will+:     It increases your willpower.
 Q - a scarf of resistance (worn)
Jewellery
 D - the ring of Juisi (right hand) {*Corrode Fly EV+5 Dex+8 SInv}
   (You bought it in a shop on level 2 of the Orcish Mines)

   [ring of evasion]

   EV+5:      It affects your evasion (+5).
   Dex+8:     It affects your dexterity (+8).
   SInv:      It lets you see invisible.
   Fly:       It grants you flight.
   *Corrode:  It may corrode you when you take damage.
 I - the ring "Hero's Friend" {Int+6 Dex+4 SInv}
   (You found it on level 1 of the Vaults)

   [ring of intelligence]

   Int+6:     It affects your intelligence (+6).
   Dex+4:     It affects your dexterity (+4).
   SInv:      It lets you see invisible.
 J - the amulet "Vidayf" (around neck) {Regen+ Int+2}
   (You found it on level 1 of the Vaults)

   [amulet of regeneration]

   Int+2:     It affects your intelligence (+2).
   Regen+:    It increases your rate of health regeneration.
 K - the ring of Traps (left hand) {+Blink rElec rN+ Int+3 Dex+4}
   (You found it in Pandemonium)

   [ring of positive energy]

   Int+3:     It affects your intelligence (+3).
   Dex+4:     It affects your dexterity (+4).
   rElec:     It insulates you from electricity.
   rN+:       It protects you from negative energy.
   +Blink:    It lets you blink.
Wands
 f - a wand of flame (101)
 k - a wand of digging (14)
 m - a wand of mindburst (27)
 B - a wand of roots (42)
 E - a wand of acid (33)
 O - a wand of paralysis (36)
Scrolls
 e - 10 scrolls of fog
 g - 3 scrolls of enchant weapon
 h - 3 scrolls of vulnerability
 i - 31 scrolls of teleportation
 l - 13 scrolls of amnesia
 p - 3 scrolls of silence
 v - 4 scrolls of revelation
 w - 3 scrolls of butterflies
 z - 30 scrolls of identify
 C - a scroll of immolation
 L - 8 scrolls of noise
 R - 2 scrolls of blinking
 U - 4 scrolls of poison
 V - 10 scrolls of fear
Potions
 c - 5 potions of invisibility
 d - a potion of haste
 j - a potion of might
 n - 7 potions of enlightenment
 q - a potion of resistance
 s - 18 potions of curing
 u - 2 potions of magic
 x - 7 potions of cancellation
 y - 7 potions of mutation
 G - 14 potions of heal wounds
Miscellaneous
 t - a tin of tremorstones (2/2)
 S - a box of beasts


   Skills:
 + Level 23.8 Fighting
 - Level 20.0 Long Blades
 - Level 18.0 Ranged Weapons
 - Level 15.0 Armour
 - Level 14.2 Dodging
 - Level 15.0 Shields
 - Level 7.0 Spellcasting
 - Level 15.4 Conjurations
 - Level 15.0 Translocations
 - Level 8.0 Air Magic
 O Level 27 Invocations
 - Level 5.0 Evocations


You had one spell level left.
You knew the following spells:

 Your Spells              Type           Power      Damage    Failure   Level
a - Manifold Assault      Tloc           38%        N/A       1%          4
b - Blink                 Tloc           76%        N/A       1%          2
d - Dispersal             Tloc           19%        N/A       19%         6
g - Passage of Golubria   Tloc           38%        N/A       1%          4
h - Swiftness             Air            22%        N/A       6%          3
l - Lesser Beckoning      Tloc           76%        N/A       1%          2
m - Iskenderun's Mystic   Conj/Tloc      39%        2d9       1%          4
o - Teleport Other        Tloc           38%        N/A       1%          3
p - Passwall              Tmut/Erth      3%         N/A       67%         2
r - Gell's Gravitas       Tloc           38%        N/A       1%          3
v - Vhi's Electric Charg  Tloc/Air       60%        N/A       4%          4
w - Wereblood             Tmut           4%         N/A       67%         2

Your spell library contained the following spells:

 Spells                   Type           Power      Damage    Failure   Level
 Apportation              Tloc           76%        N/A       1%          1
 Magic Dart               Conj           100%       1d8       1%          1
 Shock                    Conj/Air       100%       1d9       1%          1
 Foxfire                  Conj/Fire      84%        2x1d8     2%          1
 Kiss of Death            Conj/Necr      84%        2d11      2%          1
 Freeze                   Ice            16%        1d4       52%         1
 Necrotise                Necr           16%        1d4       52%         1
 Sandblast                Erth           8%         2d5       52%         1
 Slow                     Hex            16%        N/A       52%         1
 Sting                    Tmut/Pois      16%        1d3       52%         1
 Summon Small Mammal      Summ           16%        N/A       52%         1
 Momentum Strike          Conj/Tloc      78%        3d10      1%          2
 Static Discharge         Conj/Air       62%        3-6/arc   1%          2
 Iskenderun's Battlesphe  Conj           39%        2d9       2%          5
 Dazzling Flash           Conj/Hex       42%        N/A       7%          3
 Hailstorm                Conj/Ice       21%        3d6       7%          3
 Mephitic Cloud           Conj/Pois/Air  22%        N/A       7%          3
 Stone Arrow              Conj/Erth      42%        3d9       7%          3
 Volatile Blastmotes      Fire/Tloc      42%        2d13      8%          3
 Arcjolt                  Conj/Air       15%        1d25      13%         5
 Poisonous Vapours        Pois/Air       26%        N/A       17%         2
 Airstrike                Air            11%        2d(2-18)  22%         4
 Brom's Barrelling Bould  Conj/Erth      21%        2d4       24%         4
 Flame Wave               Conj/Fire      21%        2d8       24%         4
 Fulminant Prism          Conj/Hex       10%        3d8       24%         4
 Sticky Flame             Conj/Fire      21%        2d4       24%         4
 Cigotuvi's Dreadful Rot  Necr/Pois/Air  20%        N/A       30%         2
 Freezing Cloud           Conj/Ice/Air   11%        6-21      56%         5
 Fireball                 Conj/Fire      10%        3d6       58%         5
 Irradiate                Conj/Tmut      10%        3d15      58%         5
 Summon Forest            Summ/Tloc      10%        N/A       61%         5
 Conjure Ball Lightning   Conj/Air       15%        3x3d6     61%         6
 Call Imp                 Summ           8%         N/A       67%         2
 Ensorcelled Hibernation  Hex/Ice        8%         N/A       67%         2
 Jinxbite                 Hex            8%         N/A       67%         2
 Scorch                   Fire           8%         2d5       67%         2
 Sublimation of Blood     Necr           4%         N/A       67%         2
 Orb of Destruction       Conj           19%        9d8       67%         7
 Summon Lightning Spire   Summ/Air       13%        N/A       75%         4
 Confusing Touch          Hex            4%         N/A       88%         3
 Frozen Ramparts          Ice            8%         1d2       88%         3
 Ignite Poison            Fire/Tmut/Pois 4%         N/A       88%         3
 Inner Flame              Hex/Fire       4%         N/A       88%         3
 Ozocubu's Armour         Ice            4%         N/A       88%         3
 Sigil of Binding         Hex            4%         N/A       88%         3
 Summon Guardian Golem    Hex/Summ       4%         N/A       88%         3
 Tukima's Dance           Hex            4%         N/A       88%         3
 Vampiric Draining        Necr           4%         2d6       88%         3
 Silence                  Hex/Air        6%         N/A       98%         5
 Anguish                  Hex/Necr       2%         N/A       99%         4
 Animate Armour           Summ/Erth      8%         N/A       99%         4
 Animate Dead             Necr           4%         N/A       99%         4
 Cause Fear               Hex            2%         N/A       99%         4
 Leda's Liquefaction      Hex/Erth       2%         N/A       99%         4
 Olgreb's Toxic Radiance  Pois           4%         N/A       99%         4
 Petrify                  Tmut/Erth      4%         N/A       99%         4
 Summon Ice Beast         Ice/Summ       4%         N/A       99%         4
 Bombard                  Conj/Erth      10%        9d3       99%         6
 Starburst                Conj/Fire      10%        6d5       99%         6
 Agony                    Necr           4%         N/A       100%        5
 Lee's Rapid Deconstruct  Erth           2%         3d4*      100%        5
 Metabolic Englaciation   Hex/Ice        2%         N/A       100%        5
 Summon Mana Viper        Hex/Summ       4%         N/A       100%        5
 Yara's Violent Unravell  Hex/Tmut       2%         3d3       100%        5
 Death Channel            Necr           2%         N/A       100%        6
 Eringya's Noxious Bog    Tmut/Pois      2%         4d6       100%        6
 Plasma Beam              Fire/Air       6%         2x1d17    100%        6
 Simulacrum               Ice/Necr       2%         N/A       100%        6
 Summon Cactus Giant      Summ           2%         N/A       100%        6
 Enfeeble                 Hex            2%         N/A       100%        7
 Malign Gateway           Summ/Tloc      10%        N/A       100%        7
 Monstrous Menagerie      Summ           2%         N/A       100%        7
 Ozocubu's Refrigeration  Ice            2%         4d7       100%        7
 Spellforged Servitor     Conj/Summ      10%        N/A       100%        7
 Borgnjor's Revivificati  Necr           2%         N/A       100%        8
 Discord                  Hex            2%         N/A       100%        8
 Disjunction              Tloc           19%        N/A       100%        8
 Ignition                 Fire           2%         3d3       100%        8
 Lehudib's Crystal Spear  Conj/Erth      10%        10d4      100%        8
 Maxwell's Capacitive Co  Air            11%        ∞         100%        8
 Chain Lightning          Conj/Air       15%        3d20      100%        9


Dungeon Overview and Level Annotations

Branches:
Dungeon (15/15)            Temple (1/1) D:5            Lair (5/5) D:11
 Shoals (4/4) Lair:3       Spider (4/4) Lair:2        Slime (5/5) Lair:4
    Orc (2/2) D:10            Elf (3/3) Orc:2        Vaults (5/5) D:13
  Crypt (3/3) Vaults:3       Tomb (0/3) Crypt:3      Depths (4/4) D:15
  IceCv (visited)         Gauntlet (visited)
    Zot: Depths:4

Altars:
Ashenzari
Cheibriados
Dithmenos
Elyvilon
Fedhas
Gozag
Hepliaklqana
Kikubaaqudgha
Makhleb
Nemelex Xobeh
Okawaru
Ru
Sif Muna
Trog
Uskayaw
Vehumet
Wu Jian
Xom
Yredelemnul
Zin
The Shining One
Jiyva

Shops:
D:2 (   D:10 =   D:13 =   D:14 *!**   D:15 [=   Orc:2 *[=(=   Shoals:1 **:=
Shoals:2 (   Vaults:1 :   Vaults:4 [   Vaults:5 ?   Depths:3 =:*

Portals:
Hell: Depths:1 Depths:2 Depths:3
Abyss: Lair:1 Depths:3
Pandemonium: Depths:2

Annotations:
Elf:1 1 runed translucent door
Vaults:1 1 transporter
Zig:3 exclusion: orange crystal statue


Innate Abilities, Weirdness & Mutations

You have sharp toenails.
Your flesh is very cold resistant. (rC++)
You have an increased reservoir of magic. (+10% MP)
You have hidden genetic potential.
Your spells are a little easier to cast, but a little less powerful.


Message History

The entropic weave corrodes you!
You hit the orange crystal statue but do no damage.
The entropy weaver casts a spell at you.
The entropy weaver points at you and mumbles some strange words.
You block the pharaoh ant's attack.
You hit the orange crystal statue but do no damage.
You block the wolf spider's attack. x2
You hit the orange crystal statue.
The orange crystal statue is lightly damaged.
The pharaoh ant misses you. You block the wolf spider's attack. x2
The orange crystal statue fixes its piercing gaze on you.
You feel dopey. Something feeds on your intellect!
You hit the orange crystal statue but do no damage.
The orange crystal statue is lightly damaged.
The entropy weaver points at you and mumbles some strange words.
The entropic weave corrodes you! You block the wolf spider's attack. x2
The pharaoh ant misses you.
The orb spider weaves a glowing orb of energy.
You block the entropy weaver's attack. The entropy weaver hits you.
You block the entropy weaver's attack.
The entropy weaver closely misses you. x2
The entropy weaver completely misses you. x2
The entropy weaver hits you!
An orb of destruction comes into view.
You hit the orange crystal statue.
The orange crystal statue is lightly damaged.
You block the wolf spider's attack. x2; You block the pharaoh ant's attack.
The orange crystal statue glitters.
You resist with almost no effort.
You hit the orange crystal statue but do no damage.
The orange crystal statue is lightly damaged.
The entropy weaver points at you and mumbles some strange words.
You block the entropy weaver's attack.
The entropy weaver completely misses you.
You block the entropy weaver's attack. The entropy weaver misses you.
You block the wolf spider's attack. The wolf spider completely misses you.
The orb of destruction hits you!!!
* * * LOW HITPOINT WARNING * * *
The pharaoh ant bites you!!!
You die...

▓▓▓▓▓▓▓▓▓
▓▓.......▓▓
▓▓.....s8..▓▓
▓▓......B@○.∩▓▓
▓.∩.....BsB○s?▓
▓▓......Bs..∩▓▓
▓▓.........▓▓
▓▓.......▓▓
▓▓▓▓▓▓▓▓▓


You could see 2 emperor scorpions, 3 entropy weavers, an orange crystal statue,
a wolf spider (summoned), an orb spider (summoned) and a pharaoh ant (strong,
resistant).

Vanquished Creatures
  Cerebov (Pan)
  Ignacio (Pan)
  the Royal Jelly (Slime:5)
  Gloorx Vloq (Pan)
  A seraph (Pan)
  Lom Lobon (Pan)
  Mnoleg (Pan)
  A dread lich (Vaults:5)
  An ancient lich (Vaults:5)
  Mara (Spider:4)
  6 pandemonium lords (Pan)
  Vv (Crypt:2)
  Xtahua (Crypt:3)
  Saint Roka (Orc:2)
  2 golden dragons (Depths:2)
  Arachne (Spider:4)
  3 Brimstone Fiends (Pan)
  3 Tzitzimimeh (Pan)
  3 tentacled monstrosities
  An Ice Fiend (Pan)
  4 Hell Sentinels (Pan)
  4 deep elf blademasters
  A quicksilver dragon (Vaults:5)
  6 liches
  9 titans
  A deep elf master archer (Elf:2)
  The ghost of Haxzo the Warrior, an adept HOMo of Beogh (Depths:1)
  A kraken (Shoals:4)
  2 sphinxes (Vaults:4)
  2 ancient champions (Crypt:3)
  9 acid blobs
  3 tentacled starspawn
  Frances (Spider:1)
  Gastronok (Lair:1)
  5 shadow dragons
  29 Executioners
  4 tengu reavers
  An eldritch tentacle (Pan)
  A daeva (Pan)
  4 storm dragons
  8 demonspawn warmongers (Pan)
  Donald (Spider:1)
  6 rockslimes (Slime:5)
  8 fire giants
  Ilsuiw (Shoals:3)
  A fire giant (shapeshifter) (Elf:2)
  A revenant (Crypt:3)
  5 azure jellies (Slime:5)
  12 vault wardens
  2 emperor scorpions (Spider:1)
  16 deep elf sorcerers
  10 frost giants
  An iron dragon (Vaults:5)
  4 curse skulls
  19 ironbound preservers
  18 balrugs
  4 deep elf elementalists
  The ghost of phunky83 the Severer, a journeyman MiFi of Qazlal (Orc:2)
  5 ghost moths (Spider:4)
  An orc warlord (Orc:2)
  6 angels
  17 cacodemons (Pan)
  7 demonspawn corrupters (Pan)
  10 quicksilver oozes (Slime:5)
  6 ghouls
  4 very ugly things
  6 ironbound thunderhulks
  5 formless jellyfish
  A caustic shrike skeleton (Pan)
  5 reapers
  A broodmother (Spider:3)
  7 demonspawn blood saints (Pan)
  5 ophanim (Pan)
  4 war gargoyles
  10 stone giants
  An apis (Pan)
  9 demonspawn black suns (Pan)
  10 lorocyprocas (Pan)
  A dire elephant (shapeshifter) (Vaults:5)
  11 vampire knights
  A spark wasp (shapeshifter) (Depths:2)
  A deep elf demonologist (Elf:1)
  5 spark wasps
  A black draconian (Abyss:2)
  10 deep elf annihilators
  The ghost of zero the Warrior, a journeyman MiBe of Trog (Lair:1)
  A white draconian (IceCv)
  20 dire elephants
  A minotaur (Gauntlet)
  Snorg (Orc:2)
  3 eidola
  8 blizzard demons (Pan)
  A merfolk javelineer (Shoals:4)
  5 green deaths (Pan)
  14 crystal guardians
  4 fire dragons
  9 ettins
  8 deep elf death magi
  13 jiangshi
  Josephine (Shoals:1)
  7 merfolk impalers
  The ghost of Gikes the Grappler, a journeyman TrFi of Ru (Orc:1)
  8 entropy weavers
  22 yaktaur captains
  4 great orbs of eyes
  The ghost of Aldia the Grappler, a journeyman DrSh of Ru (D:12)
  5 rakshasas
  36 vault guards
  12 ice dragons
  3 peacekeepers
  2 spriggan air magi
  10 deep elf high priests
  4 ogre magi
  Fannar (Lair:1)
  A bennu zombie (Crypt:2)
  Erica (D:8)
  Harold (D:11)
  3 hell beasts (Pan)
  4 jorogumos
  3 hydras
  2 catoblepae
  7 centaur warriors
  18 ironbound frosthearts
  6 boulder beetles
  2 satyrs
  3 two-headed ogres
  3 merfolk avatars
  8 deep troll shamans
  A death knight (D:15)
  7 merfolk aquamancers
  12 deep troll earth magi
  5 tengu warriors
  10 death yaks (Lair:5)
  Urug (D:11)
  6 holy swine (Pan)
  3 spriggan berserkers (Depths:2)
  33 dancing weapons
  5 vampire magi
  A thrashing horror (Lair:1)
  11 demonic crawlers
  An orc high priest (Orc:2)
  4 occultists
  19 deep elf knights
  A titan zombie (Crypt:3)
  3 shock serpents (Pan)
  54 sun demons
  9 hell knights
  4 wretched stars
  2 titan skeletons
  3 skysharks
  27 soul eaters
  9 iron trolls
  6 pharaoh ants
  A golden dragon zombie (Crypt:1)
  17 sixfirhies (Pan)
  A skyshark (shapeshifter) (Elf:3)
  3 fire crabs (shapeshifter)
  13 sea snakes
  2 sun moths
  37 skeletal warriors
  A spatial maelstrom (Abyss:3)
  6 cherubim (Pan)
  11 shadow wraiths
  A storm dragon skeleton (Crypt:3)
  An anaconda zombie (Crypt:3)
  2 bog bodies (Crypt:2)
  4 orange crystal statues
  7 orb spiders
  4 glowing orange brains
  52 deep trolls
  6 flayed ghosts
  11 shadow demons
  8 lindwurms
  Pikel (D:5)
  19 phantasmal warriors
  A lindwurm (shapeshifter) (Vaults:5)
  4 obsidian statues
  15 ironbound convokers
  17 deep elf archers
  3 steelbarb worms
  5 orc knights
  37 ugly things
  2 necromancers
  26 deep elf pyromancers
  19 harpies
  9 arcanists
  3 oklob plants (Lair:3)
  An iron giant skeleton (Crypt:1)
  A spriggan simulacrum (Crypt:1)
  30 deep elf zephyrmancers
  2 fire giant zombies (Depths:1)
  5 orc sorcerers
  A shining eye (shapeshifter) (Vaults:5)
  9 fauns
  A stone giant skeleton (Pan)
  15 cyclopes
  5 shining eyes
  14 manticores
  A naga zombie (Crypt:3)
  A worldbinder (Abyss:2)
  A moth of wrath (Spider:4)
  20 wolf spiders
  An iron dragon skeleton (Pan)
  2 rust devils (Pan)
  13 elephants
  20 vault sentinels
  15 merfolk sirens
  6 black mambas
  16 smoke demons
  9 cane toads
  A moth of wrath (shapeshifter) (Vaults:5)
  A molten gargoyle (D:12)
  An eye of devastation (shapeshifter) (Abyss:2)
  31 orange demons (Pan)
  7 torpor snails
  3 eyes of devastation
  5 water nymphs
  Maggie (D:8)
  2 ice statues (Zig:1)
  A torpor snail (shapeshifter) (Vaults:5)
  3 gargoyles
  13 rime drakes
  2 alligator snapping turtle zombies
  4 unseen horrors
  8 hellions (Pan)
  7 komodo dragons
  3 freezing wraiths
  An alligator snapping turtle skeleton (Pan)
  22 yaktaurs
  6 efreet
  A minotaur skeleton (Crypt:2)
  3 guardian mummies (Crypt:3)
  A kobold demonologist (D:10)
  A swamp worm zombie (Crypt:3)
  4 ice devils (Pan)
  A mana viper zombie (Crypt:2)
  7 tengu conjurers
  A yellow draconian skeleton (Crypt:1)
  4 tormentors (Pan)
  10 polar bears
  4 red devils (Pan)
  11 hellwings
  2 trolls
  23 merfolk
  2 harpy zombies (Crypt:3)
  A tarantella (shapeshifter) (D:13)
  A hornet (Orc:1)
  4 wind drakes
  Prince Ribbit (D:7)
  6 raiju
  5 snapping turtles
  3 dream sheep
  6 glass eyes
  19 tarantellas
  17 blink frogs
  A blink frog (shapeshifter) (Elf:3)
  2 harpy skeletons (Pan)
  A meliai zombie (Crypt:2)
  57 slime creatures
  5 small abominations (Abyss:2)
  35 jumping spiders
  20 culicivoras
  39 large abominations
  4 spriggans (Lair:2)
  61 yaks
  26 flying skulls
  19 ynoxinuls
  An air elemental (Elf:3)
  4 basilisks (Lair:2)
  Eustachio (Temple)
  A vampire (D:13)
  18 water elementals
  15 wraiths
  3 wyverns (Lair:2)
  5 golden eyes
  A human (shapeshifter) (Vaults:5)
  A steam dragon (D:9)
  4 fire elementals
  49 redbacks
  11 vampire mosquitoes
  14 neqoxecs
  13 chaos spawn
  A swamp worm (Lair:3)
  2 spatial vortices (Abyss:3)
  5 wargs
  13 water moccasins
  A deep troll skeleton (Crypt:3)
  3 naga skeletons
  A cane toad skeleton (Crypt:3)
  A black bear (shapeshifter) (Abyss:2)
  2 sky beasts
  3 black bears
  37 orc warriors
  A demonspawn skeleton (Crypt:2)
  11 ogres
  2 ice beasts
  4 boggarts (D:15)
  28 wolves
  10 centaurs
  2 swamp dragon skeletons
  2 rime drake zombies
  A lemure (D:5)
  A phantom (D:7)
  Blork the orc (Orc:2)
  A hog skeleton (Crypt:1)
  A gnoll sergeant (D:8)
  9 bullfrogs
  4 necrophages
  4 earth elementals
  3 scorpions
  A draconian skeleton (Crypt:3)
  17 wights
  9 killer bees
  A queen bee zombie (Crypt:1)
  A vampire bat (D:3)
  A troll skeleton (Crypt:2)
  7 electric eels
  3 spriggan skeletons
  9 howler monkeys
  5 crimson imps
  A wolf skeleton (Crypt:1)
  3 gnoll boudas
  4 hounds
  2 jellies (Lair:4)
  Crazy Yiuf (D:7)
  16 orc priests
  24 starcursed masses
  A sleepcap (D:4)
  Ijyb (D:3)
  21 orc wizards
  4 iguanas
  A boggart skeleton (Crypt:1)
  An ogre zombie (Crypt:3)
  A hound skeleton (Crypt:1)
  15 gnolls
  7 adders
  4 shadow imps (D:5)
  7 white imps
  8 ufetubi
  A worm zombie (Crypt:2)
  A worm (D:2)
  2 dart slugs
  3 fire bats (D:3)
  68 orcs
  2 spectral bats (D:3)
  3 bat skeletons (D:3)
  A bat zombie (D:3)
  10 endoplasms
  4 giant cockroaches
  5 hobgoblins
  9 jackals
  4 kobolds
  3 quokkas
  A training dummy (Elf:2)
  8 ball pythons
  17 bats
  A bat simulacrum (D:3)
  A frilled lizard (D:2)
  4 goblins
  A goblin zombie (Crypt:2)
  A hobgoblin skeleton (Crypt:1)
  2 rats
  A ball lightning (Pan)
  5 fire vortices (Pan)
  2 starspawn tentacles (Abyss:3)
  3 tentacles (Shoals:4)
2596 creatures vanquished.

Vanquished Creatures (collateral kills)
  A juggernaut (Depths:2)
  A Tzitzimitl (Pan)
  3 tentacled monstrosities
  2 titans
  A quicksilver dragon (Vaults:5)
  An Executioner (Pan)
  2 ancient champions (Crypt:3)
  An acid blob (Slime:5)
  A tengu reaver (Vaults:5)
  2 storm dragons
  An azure jelly (Slime:5)
  A rockslime (Slime:5)
  A fire giant (Depths:4)
  A frost giant (Depths:4)
  An iron dragon (Vaults:5)
  A vault warden (Vaults:4)
  A cacodemon (Pan)
  A war gargoyle (Vaults:5)
  2 angels (Pan)
  An ironbound preserver (Vaults:5)
  A ghoul (Crypt:3)
  2 draconian annihilators (Pan)
  3 ophanim (Pan)
  9 vampire knights (Crypt:3)
  A reaper (Pan)
  An apis (Pan)
  A lorocyproca (Pan)
  An eidolon (Crypt:3)
  5 jiangshi (Crypt:3)
  A crystal guardian (Depths:3)
  A fire dragon (Depths:3)
  A mummy priest (Crypt:3)
  2 green deaths (Pan)
  A yaktaur captain (Vaults:5)
  A fenstrider witch zombie (Crypt:3)
  A great orb of eyes (Vaults:4)
  2 deep elf high priests
  A rakshasa (Depths:3)
  A hydra (Lair:5)
  A peacekeeper (Vaults:4)
  A jorogumo (Spider:2)
  A death knight (Crypt:3)
  4 deep troll earth magi (Depths:3)
  4 vampire magi (Crypt:3)
  A deep troll shaman (Depths:3)
  A demonic crawler (Spider:3)
  2 soul eaters (Pan)
  2 sun demons (Pan)
  A skyshark (shapeshifter) (Vaults:5)
  6 skeletal warriors (Crypt:3)
  A sixfirhy (Pan)
  A wretched star (Abyss:2)
  2 cherubim (Pan)
  A glowing orange brain (Depths:3)
  A shadow wraith (Crypt:3)
  2 deep trolls (Vaults:4)
  A flayed ghost (Crypt:3)
  An orb spider (Spider:3)
  2 ironbound convokers
  An orc knight (Vaults:5)
  A necromancer (Depths:2)
  7 phantasmal warriors (Crypt:3)
  An iron dragon zombie (Crypt:3)
  2 oklob plants (Lair:3)
  2 shining eyes
  5 large abominations (Pan)
  2 vault sentinels (Vaults:5)
  An eye of devastation (Pan)
  A smoke demon (Pan)
  2 yaktaurs (Vaults:4)
  2 orange demons (Pan)
  A redback zombie (Crypt:3)
  3 guardian mummies (Crypt:3)
  A harpy zombie (Crypt:3)
  A jumping spider (Spider:3)
  A slime creature (Slime:3)
  2 wraiths (Crypt:3)
  2 ynoxinuls (Pan)
  3 neqoxecs (Pan)
  2 necrophages (Crypt:3)
  A yaktaur skeleton (Crypt:3)
142 creatures vanquished.

Vanquished Creatures (others)
  A demonspawn warmonger (Pan)
  2 fire giants
  A ghost moth (Spider:4)
  An emperor scorpion (Spider:4)
  A draconian annihilator (Pan)
  A deep elf demonologist (Elf:1)
  An entropy weaver (Spider:3)
  A hydra (Lair:2)
  A vault guard (D:14)
  A centaur warrior (D:8)
  A hell knight (D:15)
  A spatial maelstrom (Abyss:2)
  An orb spider (Spider:4)
  2 deep elf pyromancers
  3 deep elf zephyrmancers
  A wolf spider (Spider:3)
  An ugly thing (D:15)
  An orange demon (Pan)
  A hellwing (Pan)
  A tarantella (shapeshifter) (D:13)
  A hornet (Lair:1)
  A blink frog (Lair:2)
  4 dream sheep
  2 jumping spiders (Spider:3)
  A spriggan (Lair:1)
  A basilisk (D:8)
  3 redbacks
  A gnoll sergeant (D:7)
  A wight (D:9)
  2 gnolls (D:7)
  A white imp (D:7)
  An ufetubus (Lair:1)
  3 orcs
  9 ball lightnings (Pan)
  5 starspawn tentacles
  7 tentacles (Shoals:4)
67 creatures vanquished.

Grand Total: 2805 creatures vanquished

Notes
Turn   | Place    | Note
-------+----------+-------------------------------------------
     0 | D:1      | Armakuni the Human Monk began the quest for the Orb.
     0 | D:1      | Reached XP level 1. HP: 18/18 MP: 1/1
    78 | D:1      | Reached XP level 2. HP: 24/24 MP: 2/2
   296 | D:1      | Reached XP level 3. HP: 27/29 MP: 3/3
   610 | D:1      | Found a faded altar of an unknown god.
   955 | D:3      | Reached XP level 4. HP: 35/35 MP: 4/4
  1033 | D:3      | Reached skill level 5 in Long Blades
  1042 | D:3      | Reached XP level 5. HP: 40/41 MP: 5/5
  1240 | D:4      | Reached XP level 6. HP: 20/47 MP: 6/6
  1432 | D:5      | Identified the "Laso"
  1432 | D:5      | Entered Level 5 of the Dungeon
  1839 | D:5      | Found a staircase to the Ecumenical Temple.
  1850 | D:5      | Noticed Eustachio
  1885 | Temple   | Entered the Ecumenical Temple
  1980 | Temple   | Became a worshipper of Elyvilon the Healer
  1980 | Temple   | Reached * piety under Elyvilon
  1980 | Temple   | Reached ** piety under Elyvilon
  2030 | Temple   | Killed Eustachio
  2031 | Temple   | Reached skill level 3 in Invocations
  2031 | Temple   | Reached XP level 7. HP: 16/52 MP: 6/9
  2098 | Temple   | Gained mutation: You occasionally lose the ability to read
                  | scrolls when taking damage. [potion of mutation]
  2098 | Temple   | Gained mutation: Your spells are a little easier to cast,
                  | but a little less powerful. [potion of mutation]
  2098 | Temple   | Gained mutation: You have an increased reservoir of magic.
                  | (+10% MP) [potion of mutation]
  2098 | Temple   | Lost mutation: Your spells are a little easier to cast, but
                  | a little less powerful. [potion of mutation]
  2099 | Temple   | Lost mutation: You occasionally lose the ability to read
                  | scrolls when taking damage. [potion of mutation]
  2099 | Temple   | Lost mutation: You have an increased reservoir of magic.
                  | (+10% MP) [potion of mutation]
  2099 | Temple   | Gained mutation: You are vulnerable to heat. (rF-) [potion
                  | of mutation]
  2099 | Temple   | Gained mutation: Your muscles are strong. (Str +4, Int/Dex
                  | -1) [potion of mutation]
  2316 | D:3      | Noticed Ijyb
  2323 | D:3      | Killed Ijyb
  2937 | D:2      | Found Qocso's Weapon Shop.
  3251 | D:2      | Reached *** piety under Elyvilon
  3411 | D:4      | Reached skill level 4 in Invocations
  3559 | D:4      | Reached skill level 5 in Invocations
  3703 | D:4      | Reached XP level 8. HP: 45/58 MP: 10/12
  4030 | D:5      | Reached skill level 6 in Invocations
  4241 | D:5      | Noticed Pikel
  4266 | D:5      | Killed Pikel
  4267 | D:5      | Reached skill level 8 in Invocations
  4521 | D:5      | Reached skill level 9 in Invocations
  4521 | D:5      | Reached XP level 9. HP: 45/63 MP: 13/15
  4887 | D:6      | Reached skill level 10 in Invocations
  5352 | D:6      | Found an iron altar of Okawaru.
  5626 | D:7      | Reached **** piety under Elyvilon
  5760 | D:7      | Reached skill level 11 in Invocations
  5888 | D:7      | Noticed a hornet
  5911 | D:7      | Pacified a hornet
  6088 | D:7      | Reached skill level 12 in Invocations
  6181 | D:7      | Reached XP level 10. HP: 61/70 MP: 13/19
  6337 | D:7      | Found a runed translucent door.
  6338 | D:7      | Noticed Crazy Yiuf
  6343 | D:7      | Killed Crazy Yiuf
  6689 | D:7      | Noticed Prince Ribbit
  6709 | D:7      | Killed Prince Ribbit
  7136 | D:7      | Reached skill level 13 in Invocations
  7195 | D:8      | Noticed Erica
  7260 | D:7      | Reached skill level 1 in Evocations
  7432 | D:8      | Noticed Maggie
  7442 | D:8      | Killed Maggie
  7576 | D:8      | Found a shimmering blue altar of Sif Muna.
  7841 | D:8      | Noticed a tengu warrior
  7843 | D:8      | Pacified a tengu warrior
  7843 | D:8      | Noticed a manticore
  7844 | D:8      | Reached skill level 5 in Evocations
  7844 | D:8      | Pacified a manticore
  7857 | D:8      | Killed a centaur warrior
  7864 | D:8      | Noticed a centaur warrior
  7873 | D:8      | Killed a centaur warrior
  7874 | D:8      | Reached XP level 11. HP: 43/75 MP: 18/20
  8054 | D:8      | Noticed Joseph
  8097 | D:8      | Pacified Joseph
  8164 | D:8      | Reached skill level 10 in Long Blades
  8302 | D:8      | Killed Erica
  8423 | D:8      | Found a broken altar of Ashenzari.
  8423 | D:8      | Found the +2 ratskin cloak {*Rats rPois rN+ Str-1 Int-1
                  | Dex+1}
  8594 | D:8      | Learned a level 2 spell: Blink
  8597 | D:8      | Learned a level 2 spell: Lesser Beckoning
  8623 | D:8      | Found a blossoming altar of Fedhas.
  8640 | D:8      | Found an ancient bone altar of Kikubaaqudgha.
  8670 | D:8      | Found a shadowy altar of Dithmenos.
  9016 | D:9      | Noticed Psyche
  9018 | D:9      | Pacified Psyche
  9972 | D:10     | Entered Level 10 of the Dungeon
 10156 | D:10     | Found Evoely's Jewellery Shop.
 10366 | D:10     | Reached skill level 5 in Dodging
 10491 | D:10     | Reached XP level 12. HP: 78/81 MP: 21/21
 10512 | D:10     | Reached skill level 1 in Armour
 10609 | D:10     | Found a staircase to the Orcish Mines.
 10873 | D:10     | Found a sacrificial altar of Ru.
 11177 | D:11     | Identified the +1 short sword "Lyfaff" {vamp, *Noise *Slow
                  | Str+3 Stlth+}
 11179 | D:11     | Noticed a boulder beetle
 11186 | D:11     | Pacified a boulder beetle
 11207 | D:11     | Noticed Harold
 11220 | D:11     | Killed Harold
 11316 | D:11     | Noticed Urug
 11329 | D:11     | Killed Urug
 11332 | D:11     | Reached skill level 5 in Armour
 11580 | D:11     | Found a bloodstained altar of Trog.
 11586 | D:11     | Noticed a boulder beetle
 11587 | D:11     | Pacified a boulder beetle
 11661 | D:11     | Noticed Sonja
 11662 | D:11     | Sonja changed into Sonja the wolf
 11662 | D:11     | Noticed Sonja
 11665 | D:11     | Killed Sonja the wolf
 11754 | D:11     | Found a staircase to the Lair.
 11864 | D:12     | Identified the of Wosaqesm
 11864 | Gauntlet | Identified the "Xulit"
 11864 | Lair:1   | Entered Level 1 of the Lair of Beasts
 11878 | Lair:1   | Noticed a thrashing horror
 11879 | Lair:1   | Found a transporter.
 11880 | Lair:1   | Noticed a spriggan rider
 11883 | Lair:1   | Reached ***** piety under Elyvilon
 11968 | Lair:1   | Identified the amulet of Sif Muna's Supremacy {RegenMP
                  | Will+ Slay+2 SInv}
 11992 | Lair:1   | Noticed Fannar
 12000 | Lair:1   | Noticed Gastronok
 12032 | Lair:1   | Killed Gastronok
 12033 | Lair:1   | Reached skill level 10 in Dodging
 12033 | Lair:1   | Reached XP level 13. HP: 68/86 MP: 18/22
 12034 | Lair:1   | Killed Fannar
 12189 | Lair:1   | Found a transporter.
 12203 | Lair:1   | Noticed zero's ghost (journeyman MiBe)
 12551 | Lair:1   | Found a one-way gate to the infinite horrors of the Abyss.
 12954 | Lair:2   | Reached skill level 10 in Armour
 13052 | Lair:2   | Noticed a four-headed hydra
 13059 | Lair:2   | Pacified a four-headed hydra
 13062 | Lair:2   | Killed a four-headed hydra
 13092 | Lair:2   | Lost mutation: Your muscles are strong. (Str +4, Int/Dex
                  | -1) [potion of mutation]
 13092 | Lair:2   | Lost mutation: You are vulnerable to heat. (rF-) [potion of
                  | mutation]
 13092 | Lair:2   | Gained mutation: You occasionally lose the ability to read
                  | scrolls when taking damage. [potion of mutation]
 13092 | Lair:2   | Gained mutation: Your mind is acute. (Int +4, Str/Dex -1)
                  | [potion of mutation]
 13139 | Lair:2   | Noticed a seven-headed hydra
 13144 | Lair:2   | Killed a three-headed hydra
 13238 | Lair:2   | Found a hole to the Spider Nest.
 13294 | Lair:2   | Reached skill level 5 in Fighting
 13438 | Lair:2   | Reached XP level 14. HP: 55/99 MP: 23/23
 14684 | Lair:3   | Found a staircase to the Shoals.
 15352 | Lair:4   | Identified the of Nialet
 15902 | Lair:4   | Reached skill level 10 in Fighting
 15993 | Lair:4   | Reached XP level 15. HP: 115/115 MP: 24/24
 15994 | Lair:4   | Reached XP level 16. HP: 122/122 MP: 25/25
 16005 | Lair:4   | Found a staircase to the Slime Pits.
 16005 | Lair:4   | Found a viscous altar of Jiyva.
 16597 | Lair:5   | Entered Level 5 of the Lair of Beasts
 16842 | Lair:5   | Reached ****** piety under Elyvilon
 16849 | Lair:5   | Reached skill level 10 in Shields
 16958 | Lair:5   | Reached XP level 17. HP: 128/128 MP: 27/27
 17078 | Lair:5   | Reached skill level 14 in Invocations
 17208 | Lair:5   | Identified the +1 dire flail of Kielojaxt {flame, rPois
                  | Will+ Dex+6 Stlth-}
 17647 | Orc:1    | Entered Level 1 of the Orcish Mines
 17768 | Orc:1    | Found a runed translucent gate.
 17768 | Orc:1    | Noticed Gikes's ghost (journeyman TrFi)
 17769 | Orc:1    | Found a runed translucent gate.
 17770 | Orc:1    | Found a runed translucent gate.
 17952 | Orc:1    | Reached skill level 15 in Invocations
 18420 | Orc:1    | Killed Gikes's ghost
 18502 | Orc:2    | Entered Level 2 of the Orcish Mines
 18572 | Orc:2    | Noticed Blork the orc
 18579 | Orc:2    | Killed Blork the orc
 18806 | Orc:2    | Found Lotaun's Jewellery Emporium.
 18835 | Orc:2    | Reached skill level 16 in Invocations
 18871 | Orc:2    | Found Zolyor's General Store.
 18895 | Orc:2    | Found Tiorhao's Antique Armour Boutique.
 18920 | Orc:2    | Bought a scroll of blinking for 105 gold pieces
 18989 | Orc:2    | Bought a shiny kite shield for 157 gold pieces
 19030 | Orc:2    | Found a staircase to the Elven Halls.
 19039 | Orc:2    | Noticed phunky83's ghost (journeyman MiFi)
 19078 | Orc:2    | Found a transporter.
 19119 | Orc:2    | Found a transporter.
 19206 | Orc:2    | Found Dior Ept's Antique Weapon Boutique.
 19254 | Orc:2    | Found Rebb's Jewellery Boutique.
 19262 | Orc:2    | Bought the ring of Juisi {*Corrode Fly EV+5 Dex+8 SInv} for
                  | 605 gold pieces
 19283 | Orc:2    | Bought the ring "Boasig" {Ice rElec MP+9 Dex+3} for 642
                  | gold pieces
 19307 | Orc:2    | Noticed Saint Roka
 19337 | Orc:2    | Killed Saint Roka
 19515 | Orc:2    | Noticed Snorg
 19524 | Orc:2    | Killed Snorg
 19779 | Orc:2    | Killed phunky83's ghost
 20030 | D:12     | Found a gate leading to a gauntlet.
 20030 | D:12     | Found a hazy altar of Hepliaklqana.
 20046 | Gauntlet | Entered a Gauntlet
 20046 | Gauntlet | Found a transporter.
 20046 | Gauntlet | Found a transporter.
 20047 | Gauntlet | Found a transporter.
 20050 | Gauntlet | Found a transporter.
 20050 | Gauntlet | Found a transporter.
 20050 | Gauntlet | Found a transporter.
 20060 | Gauntlet | Found a transporter.
 20064 | Gauntlet | Found a transporter.
 20066 | Gauntlet | Found a large runed translucent door.
 20067 | Gauntlet | Found a large runed translucent door.
 20068 | Gauntlet | Found a large runed translucent door.
 20068 | Gauntlet | Found a large runed translucent door.
 20068 | Gauntlet | Found a runed translucent door.
 20068 | Gauntlet | Found a runed translucent door.
 20069 | Gauntlet | Found a large runed translucent door.
 20070 | Gauntlet | Found a large runed translucent door.
 20071 | Gauntlet | Found a large runed translucent door.
 20071 | Gauntlet | Found a large runed translucent door.
 20072 | Gauntlet | Found a runed translucent gate.
 20072 | Gauntlet | Found a runed translucent gate.
 20072 | Gauntlet | Found a runed translucent gate.
 20074 | Gauntlet | Found a transporter.
 20085 | Gauntlet | Found a large runed translucent door.
 20086 | Gauntlet | Found a large runed translucent door.
 20087 | Gauntlet | Found a large runed translucent door.
 20094 | Gauntlet | Found a large runed translucent door.
 20096 | Gauntlet | Found a large runed translucent door.
 20096 | Gauntlet | Found a large runed translucent door.
 20097 | Gauntlet | Found a large runed translucent door.
 20098 | Gauntlet | Found a large runed translucent door.
 20178 | Gauntlet | Found a transporter.
 20180 | Gauntlet | Found a transporter.
 20190 | Gauntlet | Found a transporter.
 20373 | Gauntlet | Identified the ring of Dithmenos's Favour {Wiz *Slow Int+6
                  | Dex+4}
 20399 | Gauntlet | Identified the +3 battleaxe of the Ecumenical Temple
                  | {freeze, Dex+3 Stlth+}
 20412 | Gauntlet | Identified the +6 war axe of the Holding Wasp {pain, Str+4
                  | Dex+4}
 20412 | Gauntlet | Identified the +9 scimitar of Hiskad {antimagic, Str+3}
 20949 | D:12     | Found a faded altar of an unknown god.
 21010 | D:12     | Found a runed translucent gate.
 21011 | D:12     | Found a runed translucent gate.
 21012 | D:12     | Found a runed translucent gate.
 21013 | D:12     | Noticed Aldia's ghost (journeyman DrSh)
 21140 | D:12     | Killed Aldia's ghost
 21233 | D:13     | Found Umolloi's Jewellery Shoppe.
 21257 | D:13     | Found a gate to the Vaults.
 21947 | D:14     | Found Yxtiqy's General Store.
 21955 | D:14     | Bought a potion of heal wounds for 55 gold pieces
 21955 | D:14     | Bought a scroll of fog for 44 gold pieces
 21979 | D:14     | Reached XP level 18. HP: 134/134 MP: 30/30
 22100 | D:14     | Found Moulo's Assorted Antiques.
 22108 | D:14     | Found Muytzul's General Store.
 22314 | D:14     | Found Coarekaa's Distillery.
 22326 | D:14     | Found Nostug's Distillery.
 22334 | D:14     | Bought a potion of heal wounds for 70 gold pieces
 22334 | D:14     | Bought a potion of heal wounds for 70 gold pieces
 22334 | D:14     | Bought a potion of heal wounds for 70 gold pieces
 22334 | D:14     | Bought a potion of heal wounds for 70 gold pieces
 22334 | D:14     | Bought a potion of mutation for 112 gold pieces
 22334 | D:14     | Bought a potion of mutation for 112 gold pieces
 22423 | D:14     | Lost mutation: You occasionally lose the ability to read
                  | scrolls when taking damage. [potion of mutation]
 22423 | D:14     | Lost mutation: Your mind is acute. (Int +4, Str/Dex -1)
                  | [potion of mutation]
 22423 | D:14     | Gained mutation: Your spells are a little easier to cast,
                  | but a little less powerful. [potion of mutation]
 22423 | D:14     | Gained mutation: You are partially covered in iridescent
                  | scales. (AC +2) [potion of mutation]
 22423 | D:14     | Gained mutation: You are occasionally teleported next to
                  | monsters. [potion of mutation]
 22424 | D:14     | Lost mutation: Your spells are a little easier to cast, but
                  | a little less powerful. [potion of mutation]
 22424 | D:14     | Lost mutation: You are occasionally teleported next to
                  | monsters. [potion of mutation]
 22424 | D:14     | Lost mutation: You are partially covered in iridescent
                  | scales. (AC +2) [potion of mutation]
 22424 | D:14     | Gained mutation: Your flesh is cold resistant. (rC+)
                  | [potion of mutation]
 22429 | D:14     | Noticed a sphinx
 22442 | D:14     | Pacified a sphinx
 22508 | D:14     | Found the +9 sword of Power {lifebolt}
 22644 | D:15     | Entered Level 15 of the Dungeon
 22694 | D:15     | Found Wiur's Jewellery Boutique.
 22730 | D:15     | Found Toobuic's Armour Shoppe.
 22849 | D:15     | Found a frozen archway.
 22899 | D:15     | Reached skill level 15 in Long Blades
 22929 | IceCv    | Entered an ice cave
 23871 | D:15     | Found a staircase to the Depths.
 24368 | Lair:1   | Killed zero's ghost
 24369 | Abyss:2  | Cast into level 2 of the Abyss (spriggan rider)
 24468 | Abyss:2  | Noticed an Executioner
 24475 | Abyss:2  | Killed an Executioner
 24522 | Abyss:2  | Reached XP level 19. HP: 73/140 MP: 31/31
 24579 | Abyss:2  | Found a corrupted altar of Lugonu.
 24584 | Lair:1   | Escaped the Abyss
 24819 | Spider:1 | Entered Level 1 of the Spider Nest
 25018 | Spider:1 | Noticed Frances
 25033 | Spider:1 | Killed Frances
 25220 | Spider:1 | Noticed Donald
 25235 | Spider:1 | Killed Donald
 28206 | Spider:4 | Entered Level 4 of the Spider Nest
 28563 | Spider:4 | Noticed Arachne
 28615 | Spider:4 | Killed Arachne
 28616 | Spider:4 | Reached XP level 20. HP: 57/147 MP: 32/32
 29279 | Spider:4 | Got a gossamer rune of Zot
 29459 | Spider:4 | Paralysed by a jorogumo for 2 turns
 29464 | Spider:4 | Paralysed by a jorogumo for 1 turns
 29886 | Spider:4 | Noticed Mara
 29893 | Spider:4 | Noticed Armakuni's illusion
 29919 | Spider:4 | Killed Mara
 30741 | D:15     | Bought the ring of the Lion {rElec rF+ EV+5 Str+3 Stlth-}
                  | for 742 gold pieces
 30988 | Temple   | Fell from the grace of Elyvilon
 30988 | Temple   | Became a worshipper of the Shining One
 30988 | Temple   | Reached * piety under the Shining One
 31250 | Shoals:1 | Entered Level 1 of the Shoals
 31404 | Shoals:1 | Found Fuevul's Book Shop.
 31404 | Shoals:1 | Identified the +7 quarterstaff of Gehenna {pain, *Rage rF+
                  | rC+ Int+3}
 31805 | Shoals:1 | Noticed Josephine
 31815 | Shoals:1 | Killed Josephine
 31838 | Shoals:1 | You are sucked into a shaft and drop 1 floor!
 31937 | Shoals:1 | Found Viaw's Jewellery Shop.
 32038 | Shoals:1 | Found Doddut's Assorted Antiques.
 32063 | Shoals:1 | Identified a scroll of acquirement
 32064 | Shoals:1 | Acquired the +1 pair of gloves "Jeepn" {Will+ Slay+3}
 32475 | Shoals:1 | Found Tian's General Store.
 32481 | Shoals:1 | Learned a level 4 spell: Passage of Golubria
 32485 | Shoals:1 | Learned a level 3 spell: Teleport Other
 32490 | Shoals:1 | Learned a level 4 spell: Vhi's Electric Charge
 32705 | Shoals:2 | Reached skill level 1 in Translocations
 32717 | Shoals:2 | Reached skill level 1 in Spellcasting
 33470 | Shoals:2 | Found Faunoila's Firing Range.
 34140 | Shoals:3 | Noticed Ilsuiw
 34159 | Shoals:3 | Killed Ilsuiw
 34250 | Shoals:3 | Reached XP level 21. HP: 137/153 MP: 33/33
 34294 | Shoals:3 | Identified the +4 chain mail "Muamnugi" {-Cast Str+4}
 34449 | Shoals:3 | Reached skill level 5 in Translocations
 34687 | Shoals:4 | Entered Level 4 of the Shoals
 34799 | Shoals:4 | Identified the +8 dire flail of the Sugar Beet {flame,
                  | Will+ Str-2 Int+2}
 34893 | Shoals:4 | Reached skill level 5 in Spellcasting
 35473 | Shoals:4 | Got a barnacled rune of Zot
 35976 | Shoals:4 | Identified the +2 spear "Ecsa" {heavy, rElec}
 36781 | Vaults:5 | Identified the of Acacsaann
 36781 | Depths:3 | Identified the "Nom Ygig"
 36781 | Elf:1    | Identified the "Varovef"
 36781 | Elf:1    | Entered Level 1 of the Elven Halls
 36781 | Elf:1    | Found a runed translucent gate.
 36781 | Elf:1    | Found a runed translucent gate.
 36781 | Elf:1    | Found a runed translucent gate.
 36781 | Elf:1    | Found a runed translucent gate.
 36781 | Elf:1    | Found a runed translucent gate.
 36781 | Elf:1    | Found a runed translucent gate.
 36784 | Elf:1    | Found a runed translucent door.
 36811 | Elf:1    | Found a runed translucent door.
 36960 | Elf:1    | Learned a level 3 spell: Swiftness
 36963 | Elf:1    | Learned a level 2 spell: Passwall
 36988 | Elf:1    | Reached skill level 1 in Air Magic
 37321 | Elf:1    | Reached ** piety under the Shining One
 37329 | Elf:1    | Noticed a Tzitzimitl
 37338 | Elf:1    | Reached skill level 5 in Air Magic
 37338 | Elf:1    | Reached skill level 10 in Translocations
 37593 | Elf:1    | Found an ancient bone altar of Kikubaaqudgha.
 38560 | Elf:1    | Found a shimmering blue altar of Sif Muna.
 38656 | Elf:2    | Reached XP level 22. HP: 156/159 MP: 34/34
 38699 | Elf:2    | Found a runed translucent gate.
 38700 | Elf:2    | Found a runed translucent gate.
 38701 | Elf:2    | Found a runed translucent gate.
 39459 | Elf:3    | Identified the of Jeibaqeb
 39459 | Elf:3    | Identified the of Zahahu
 39459 | Elf:3    | Identified the of Voroeq
 39459 | Elf:3    | Entered Level 3 of the Elven Halls
 39620 | Elf:3    | Reached *** piety under the Shining One
 39767 | Elf:3    | Found a portal to a secret trove of treasure.
 39814 | Elf:3    | You paid a toll of 4 potions of resistance to enter a
                  | treasure trove
 39815 | Trove    | Entered a treasure trove
 39819 | Trove    | Identified the ring of Ronallol {Str+6 Int+2 Stlth+}
 39822 | Trove    | Identified the ring "Zuotas" {rElec rPois rF+ rCorr}
 39839 | Trove    | Identified the ring of Biduomnaum {Drain rPois rN++ EV+5
                  | Dex-4}
 39858 | Trove    | Identified the amulet of Dithmenos's Grace {Rampage Will-
                  | Regen+ Str+5 Dex+3}
 39863 | Trove    | Identified the ring "Qeh Huul" {Will+ Str+5}
 39866 | Trove    | Identified the amulet "Xakh" {Spirit Rampage rElec}
 39871 | Trove    | Identified the amulet of Rout {Acrobat rN+}
 40216 | Elf:3    | Reached skill level 15 in Translocations
 40374 | Elf:3    | Reached **** piety under the Shining One
 40413 | Elf:3    | Identified the ring "Cuwk" {Str+6 Int+2}
 40423 | Elf:3    | Identified the amulet of Demnaore {Spirit rElec rPois Dex+6
                  | Slay-5}
 40660 | Elf:3    | Identified the +0 troll leather armour of Kaju {rC+ Regen+}
 40694 | Elf:3    | Identified the +10 mace "Onuhunen" {freeze, Fly Int+2
                  | Dex+4}
 40792 | Elf:3    | Identified the +6 scale mail of Sif Muna's Esteem {Harm rF-
                  | Str+4}
 40803 | Elf:3    | Identified the +3 hand axe "Yrhuzag" {vamp, Fly rF- Will+}
 40812 | Elf:3    | Identified the +8 shortbow of a Thousand Dreams {speed, rC+
                  | Will+ Str-4}
 40898 | Elf:3    | Identified the staff "Ahacw" {rN+ Conj}
 40919 | Elf:3    | Learned a level 4 spell: Manifold Assault
 41328 | Vaults:1 | Entered Level 1 of the Vaults
 41567 | Vaults:1 | Reached XP level 23. HP: 155/165 MP: 35/35
 41706 | Vaults:1 | Found Faboesuo's Book Shop.
 42492 | Vaults:1 | Found a transporter.
 42669 | Vaults:1 | Found a transporter.
 42669 | Vaults:1 | You are sucked into a shaft and drop 1 floor!
 42876 | Vaults:2 | Reached skill level 15 in Armour
 43831 | Vaults:1 | Identified the amulet "Vidayf" {Regen+ Int+2}
 43849 | Vaults:1 | Identified the ring "Hero's Friend" {Int+6 Dex+4 SInv}
 43869 | Vaults:1 | Identified the staff "Fuig" {rPois rN+ Dex+6 SInv Necro}
 44310 | Vaults:1 | Learned a level 6 spell: Dispersal
 44497 | Shoals:1 | Bought the -2 hat of the Alchemist {rElec rPois rF+ rC+ rN+
                  | Will+ rMut rCorr} for 1557 gold pieces
 44497 | Shoals:1 | Found the -2 hat of the Alchemist {rElec rPois rF+ rC+ rN+
                  | Will+ rMut rCorr}
 44497 | Shoals:1 | Bought a flickering ivory amulet for 165 gold pieces
 44497 | Shoals:1 | Identified the amulet "Jitoegirirph" {Acrobat Int+2} (You
                  | bought it in a shop on level 1 of the Shoals)
 44804 | Vaults:2 | Reached skill level 1 in Ranged Weapons
 45565 | Vaults:3 | Reached XP level 24. HP: 157/178 MP: 35/35
 47083 | Vaults:3 | Found a staircase to the Crypt.
 47083 | Vaults:3 | Found a basalt altar of Yredelemnul.
 47084 | Vaults:3 | Found an ancient bone altar of Kikubaaqudgha.
 47097 | Crypt:1  | Entered Level 1 of the Crypt
 47163 | Crypt:1  | Reached ***** piety under the Shining One
 47472 | Crypt:1  | Reached skill level 5 in Ranged Weapons
 47896 | Crypt:2  | Reached ****** piety under the Shining One
 48318 | Crypt:3  | Entered Level 3 of the Crypt
 48417 | Crypt:3  | Noticed Vv
 48768 | Depths:1 | Entered Level 1 of the Depths
 48957 | Depths:1 | Found a runed translucent gate.
 48957 | Depths:1 | Found a runed translucent gate.
 48957 | Depths:1 | Found a runed translucent gate.
 48957 | Depths:1 | Noticed Haxzo's ghost (adept HOMo)
 48959 | Depths:1 | Found a basalt altar of Yredelemnul.
 49067 | Depths:1 | Reached skill level 10 in Ranged Weapons
 49152 | Depths:1 | Killed Haxzo's ghost
 49756 | Depths:1 | Reached XP level 25. HP: 184/184 MP: 35/35
 49963 | Depths:1 | Found a gateway to Hell.
 50177 | Depths:2 | Found a one-way gate leading to the halls of Pandemonium.
 50676 | Depths:1 | Identified a +4 eudemon blade of holy wrath (a +2 heavy
                  | demon blade blessed by the Shining One)
 50676 | Depths:1 | Received a gift from the Shining One
 50983 | Crypt:2  | Killed Vv
 51150 | Crypt:3  | Found a staircase to the Tomb.
 51495 | Crypt:3  | Noticed Xtahua
 51501 | Crypt:3  | Killed Xtahua
 51587 | Crypt:3  | Reached skill level 15 in Ranged Weapons
 51667 | Crypt:3  | Found an ancient bone altar of Kikubaaqudgha.
 51710 | Crypt:3  | Found the +13 scythe of Curses {drain, curses, Drain}
 51834 | Crypt:3  | Identified the +5 dagger of Anger {freeze, Fly rF+ MP-9
                  | SInv}
 52009 | Crypt:3  | Reached XP level 26. HP: 190/190 MP: 35/35
 52804 | Vaults:4 | Found Gexithre's Antique Armour Shoppe.
 53585 | Vaults:4 | Learned a level 2 spell: Wereblood
 54027 | Vaults:5 | Entered Level 5 of the Vaults
 54053 | Vaults:5 | Identified the +3 sling of the Changing Viper {heavy, rC-
                  | MP+9 Str+3}
 54065 | Vaults:5 | Reached skill level 15 in Fighting
 54104 | Vaults:5 | Reached XP level 27. HP: 125/207 MP: 33/35
 54123 | Vaults:5 | Reached skill level 15 in Shields
 54206 | Vaults:5 | Reached skill level 17 in Invocations
 54650 | Vaults:5 | Identified the +1 scimitar "Killer Bee's Doom" {freeze, rF+
                  | Str+5 Int-3}
 54653 | Vaults:5 | Identified the +5 leather armour "Afewekiz" {+Blink rPois
                  | Int-2 Stlth+}
 54654 | Vaults:5 | Identified the +1 robe "Cisch" {-Tele Int+6}
 54689 | Vaults:5 | Identified the +1 great mace of Vomith {flame, *Slow rElec
                  | rC+ rN++}
 54762 | Vaults:5 | Noticed an ancient lich
 54772 | Vaults:5 | Killed an ancient lich
 54868 | Vaults:5 | Reached skill level 18 in Invocations
 54875 | Vaults:5 | Noticed a dread lich
 54882 | Vaults:5 | Killed a dread lich
 55177 | Vaults:5 | Identified the +2 hand axe of Hifajukhlo {drain, rC- Will+
                  | SInv}
 55211 | Vaults:5 | Found Zituw's Magic Scroll Shoppe.
 55221 | Vaults:5 | Identified the storm talisman "Movuishre" {rF- rC+++ Str+4}
 55223 | Vaults:5 | Identified the orb "Icwo" {*Rage, Harm Regen+ Int+4 Dex-3}
 55229 | Vaults:5 | Bought a scroll of acquirement for 1040 gold pieces
 55229 | Vaults:5 | Bought a scroll of enchant weapon for 150 gold pieces
 55229 | Vaults:5 | Acquired 808 gold pieces
 55241 | Vaults:5 | Learned a level 3 spell: Gell's Gravitas
 55479 | Vaults:5 | Identified the +9 lajatang of Light {venom, rElec Will-
                  | Dex+8 Stlth+}
 55742 | Vaults:5 | Got a silver rune of Zot
 56282 | Depths:2 | Found a shadowy altar of Dithmenos.
 56641 | Depths:2 | Identified the +3 ring mail of Understanding {Str+3 Slay+5}
 56668 | Depths:2 | Noticed a juggernaut
 56671 | Depths:2 | Reached skill level 19 in Invocations
 56682 | Depths:2 | Killed a juggernaut
 56789 | Depths:2 | Identified the +1 spear of Animal Spirits {venom, rCorr
                  | Int+3}
 57331 | Zot:1    | Identified the of Xeurch
 57331 | Slime:1  | Entered Level 1 of the Pits of Slime
 57623 | Slime:5  | Identified the "Lewk"
 57623 | Slime:5  | Entered Level 5 of the Pits of Slime
 57676 | Slime:5  | Reached skill level 20 in Invocations
 57743 | Slime:5  | Found a viscous altar of Jiyva.
 57911 | Slime:5  | Noticed the Royal Jelly
 57959 | Slime:5  | Killed the Royal Jelly
 57969 | Slime:5  | Identified the +1 tower shield of Midwinter {Int+3}
 58080 | Slime:5  | Identified the staff "Jih Mun" {Will+ Earth}
 58082 | Slime:5  | Identified the ring of Meatzae {rElec MP+9 Str+2 SInv}
 58088 | Slime:5  | Got a slimy rune of Zot
 58124 | Slime:5  | Identified the +0 cloak of Gozag's Reproof {*Corrode rN+
                  | Dex+4}
 58176 | Slime:5  | Identified the +2 lajatang of the Pyrrhic Victory {heavy,
                  | rC+ Str+3}
 58209 | Slime:5  | Identified the +2 mace of the Peculiar Artists {flame,
                  | Str+3}
 58646 | Tomb:3   | Identified the "Xiywiy"
 58646 | Tar:7    | Identified the "Garipuown"
 58646 | Tar:7    | Identified the "Butumun"
 58646 | Tar:7    | Identified the "Wykkab"
 58646 | Tar:7    | Identified the "Jyinam"
 58646 | Dis:7    | Identified the of Oratat
 58646 | Pan      | Entered Pandemonium
 58655 | Pan      | Reached skill level 21 in Invocations
 58784 | Pan      | Found an exit through the horrors of the Abyss.
 58875 | Pan      | Found a runed translucent door.
 58884 | Pan      | Found a runed translucent door.
 58887 | Pan      | Noticed Oziaff the pandemonium lord
 58887 | Pan      | Found a runed translucent door.
 58898 | Pan      | Killed Oziaff the pandemonium lord
 58905 | Pan      | Got a demonic rune of Zot
 58929 | Pan      | Found a runed translucent door.
 59038 | Pan      | Reached skill level 22 in Invocations
 59146 | Pan      | Entered the realm of Lom Lobon.
 59146 | Pan      | Noticed Lom Lobon
 59269 | Pan      | Acquired a manual of Invocations
 59431 | Pan      | Killed Lom Lobon
 59432 | Pan      | Reached skill level 23 in Invocations
 59491 | Pan      | Got a magical rune of Zot
 59815 | Pan      | Reached skill level 24 in Invocations
 59837 | Pan      | Noticed Veyrida the pandemonium lord
 59848 | Pan      | Killed Veyrida the pandemonium lord
 60070 | Pan      | Identified the ring of Syxunyfi {rPois Slay+3}
 60201 | Pan      | Reached skill level 25 in Invocations
 60249 | Pan      | Found an exit through the horrors of the Abyss.
 60920 | Pan      | Identified the "Ajih"
 60967 | Pan      | Reached skill level 26 in Invocations
 61204 | Pan      | Noticed a seraph
 61245 | Pan      | Killed a seraph
 61254 | Pan      | Identified the +3 leather armour "Asuyc" {rC+ Str+3}
 61263 | Pan      | Identified the +2 buckler "Leopesm" {rF+ rC+ Dex-5}
 61363 | Pan      | Found a glowing golden altar of the Shining One.
 61376 | Pan      | Identified the ring "Raveijei" {rF+ rC+ Int+4}
 61388 | Pan      | Identified the +0 pair of boots of Stoicism {-Cast Harm
                  | Will++ rCorr}
 61389 | Pan      | Identified the +7 scimitar of Battaff {vamp, *Rage Fragile
                  | +Blink rCorr}
 61441 | Depths:2 | Escaped Pandemonium
 61445 | Pan      | Entered Pandemonium
 61497 | Pan      | Learned a level 4 spell: Iskenderun's Mystic Blast
 61532 | Pan      | Reached skill level 27 in Invocations
 61557 | Pan      | Noticed Qumn the pandemonium lord
 61622 | Pan      | Killed Qumn the pandemonium lord
 61730 | Pan      | Noticed Porol the pandemonium lord
 61921 | Pan      | Entered the realm of Mnoleg.
 62031 | Pan      | Gained mutation: You occasionally lose the ability to read
                  | scrolls when taking damage. [a neqoxec]
 62057 | Pan      | Noticed Mnoleg
 62067 | Pan      | Killed Mnoleg
 62148 | Pan      | Got a glowing rune of Zot
 62179 | Pan      | Reached skill level 1 in Conjurations
 62257 | Pan      | Reached skill level 5 in Conjurations
 62264 | Pan      | Gained mutation: You occasionally lose the ability to drink
                  | potions when taking damage. [a cacodemon]
 62284 | Pan      | Lost mutation: You occasionally lose the ability to read
                  | scrolls when taking damage. [potion of mutation]
 62284 | Pan      | Lost mutation: You occasionally lose the ability to drink
                  | potions when taking damage. [potion of mutation]
 62284 | Pan      | Gained mutation: Your spells are a little easier to cast,
                  | but a little less powerful. [potion of mutation]
 62284 | Pan      | Gained mutation: You have sharp toenails. [potion of
                  | mutation]
 62284 | Pan      | Gained mutation: You have hidden genetic potential. [potion
                  | of mutation]
 62284 | Pan      | Gained mutation: You have an increased reservoir of magic.
                  | (+10% MP) [potion of mutation]
 62316 | Pan      | Noticed Ruqaushru the pandemonium lord
 62326 | Pan      | Killed Ruqaushru the pandemonium lord
 62439 | Pan      | Found an exit through the horrors of the Abyss.
 62558 | Pan      | Found a transporter.
 62580 | Pan      | Found a transporter.
 62616 | Pan      | Reached skill level 10 in Conjurations
 62645 | Pan      | Identified the +2 pair of boots "Cuerec" {Will+}
 62653 | Pan      | Identified the ring of Traps {+Blink rElec rN+ Int+3 Dex+4}
 62671 | Pan      | Identified the +1 ring mail of Letudul {SInv}
 62802 | Pan      | Noticed Laotuak the pandemonium lord
 62815 | Pan      | Killed Laotuak the pandemonium lord
 62918 | Pan      | Noticed Pucypp the pandemonium lord
 62931 | Pan      | Killed Pucypp the pandemonium lord
 62981 | Pan      | Identified the of Piniz
 62981 | Pan      | Entered the realm of Gloorx Vloq.
 62982 | Pan      | Noticed Ignacio
 63019 | Pan      | Killed Ignacio
 63212 | Pan      | Noticed Gloorx Vloq
 63216 | Pan      | Reached skill level 15 in Conjurations
 64197 | Pan      | Killed Gloorx Vloq
 64393 | Pan      | Got a dark rune of Zot
 64574 | Pan      | Identified the "Riluen"
 64574 | Pan      | Identified the "Jidwu"
 64574 | Pan      | Identified the "Wukas"
 64574 | Pan      | Identified the "Huonashra"
 64574 | Pan      | Entered the realm of Cerebov.
 64860 | Pan      | Identified the amulet of Porcha {+Inv rF+ rC+ Regen+}
 64896 | Pan      | Identified the staff "Wupo" {*Corrode rPois Int+2 Dex+2
                  | Fire Poison}
 64903 | Pan      | Identified the +8 chain mail of the Learner {Harm Str+3}
 64962 | Pan      | Identified the ring of Xom's Wantonness {rElec rPois rC+
                  | rCorr MP-9}
 64968 | Pan      | Identified the amulet of Irevoo Etom {Reflect Fly Str+3
                  | SH+5}
 64973 | Pan      | Identified the +1 scale mail of the Vanishing Places {rC+}
 65008 | Pan      | Found the +6 sword of Cerebov {flame}
 65008 | Pan      | Identified the amulet of Vykhox {Reflect rPois Int-4 Dex+4
                  | SH+5}
 65008 | Pan      | Noticed Cerebov
 65101 | Pan      | Killed Cerebov
 65138 | Pan      | Got a fiery rune of Zot
 65242 | Depths:2 | Escaped Pandemonium
 65739 | Depths:3 | Found a shimmering blue altar of Sif Muna.
 65776 | Depths:3 | Identified the staff of Voadit {Fragile rElec Dex+2 SInv
                  | Air}
 66241 | Depths:3 | Found Hiagyex's Assorted Antiques.
 66243 | Depths:3 | Found Nuka's Book Boutique.
 66246 | Depths:3 | Found Noenen's Jewellery Shop.
 66249 | Depths:3 | Bought a scroll of teleportation for 135 gold pieces
 66384 | Depths:3 | Identified the +7 sling of the Stopping Queen {drain, rN+}
 66393 | Depths:3 | Identified the +4 pair of boots of the Blacksmith {Str+4}
 66623 | Depths:3 | Voluntarily entered the Abyss.
 66625 | Abyss:2  | Found a corrupted altar of Lugonu.
 66838 | Abyss:2  | Found a corrupted altar of Lugonu.
 66885 | Abyss:2  | Found a corrupted altar of Lugonu.
 66988 | Abyss:3  | Got an abyssal rune of Zot
 66994 | Abyss:3  | Paralysed by accursed screaming for 1 turns
 67013 | Depths:3 | Escaped the Abyss
 67017 | Depths:3 | Gained mutation: Your flesh is very cold resistant. (rC++)
                  | [hidden potential]
 67042 | Depths:4 | Entered Level 4 of the Depths
 67042 | Depths:4 | Found a one-way gateway to a ziggurat.
 67188 | Zig:1    | Entered Level 1 of a ziggurat
 67213 | Zig:2    | Identified the of Coefos
 67213 | Zig:2    | Entered Level 2 of a ziggurat
 67239 | Zig:3    | Entered Level 3 of a ziggurat
 67275 | Zig:3    | HP: 7/237 [disintegration[an orange crystal statue] (70)]
 67275 | Zig:3    | Annihilated by a pharaoh ant

Illustrated notes

Levels and vault maps discovered:
D:1:      dpeg_arrival_stone_temple_mockup, layout_basic,
          hellmonk_ecumenical_altar_defaced_shrine
D:2:      layout_loops_ring, serial_shops, shop
D:3:      layout_loops_ring, hangedman_decor_opposing, goddamned_bats, uniq_ijyb
D:4:      layout_basic
D:5:      layout_loops_ring, temple_fountains, chequers_jeans,
          serial_library_hellmonk_octagon, uniq_eustachio, uniq_pikel
D:6:      layout_gridville, lemuel_coloured_pillars_altar
D:7:      layout_basic, kennysheep_small_spiral, minmay_manual_mess,
          uniq_prince_ribbit1, uniq_crazy_yiuf_cottage
D:8:      minmay_blocky_corners, layout_loops_ring, lemuel_blue_sif_altar,
          nicolae_overflow_hidden_temple, evilmike_ruin_ashenzari,
          minmay_fire_ice_demons, uniq_erica, uniq_maggie, uniq_joseph
D:9:      layout_stronghold, uniq_psyche
D:10:     layout_cave_pods, mainiacjoe_overflow_boulevard, orc_0_dummy,
          serial_shops, nicolae_shop_advertising_works
          [nicolae_subvault_shop_adworks], grunt_potential
D:11:     layout_stronghold, lair_entry_dummy, trog_three_pillars_becter,
          uniq_urug, uniq_sonja, uniq_harold
D:12:     layout_long_grid, gauntlet_entry_generic, gammafunk_ghost_spectres,
          beargit_hepliaklqana_dungeon_heroes
D:13:     layout_loops_ring, david_vaults_2, serial_shops, shop, nicolae_titane
D:14:     minmay_guarded_unrand_sword_of_power, layout_rooms,
          minmay_staircase_bubble, serial_shops,
          nicolae_shop_pleasant_corner_grove, nicolae_shop_tiny_waterfront,
          shop, shop, nicolae_shop_stone, chequers_serial_rivers_large_b
D:15:     hangedman_depths_entry_civil_slaughter, layout_loops_ring, hex_medium,
          portal_ice_cave_entry_pillars_three, serial_shops, shop_statue,
          nicolae_diamond_shop
Temple:   compressed_dpeg_circular_temple
Lair:1:   layout_regular_city, gammafunk_ghost_abyssal_escape,
          serial_bayou_pond_e, grunt_megastairs_5, uniq_gastronok, uniq_fannar
Lair:2:   kb_forest_paths, layout_regular_city,
          hellmonk_spider_entry_not_the_bees, beast_lair_carwin_8,
          serial_bayou_shore_b, serial_bayou_shore_b
Lair:3:   minmay_lair_oklob_tunnel, layout_gridlike, elwin_shoals_entry_rooms,
          worms_lemuel
Lair:4:   layout_small_grid, nicolae_slime_entry_slimehenge, serial_rivers,
          chequers_serial_rivers_small_3, chequers_serial_rivers_small_a,
          chequers_serial_rivers_small_b, chequers_serial_rivers_large_a,
          infiniplex_staircase_pool, grunt_megastairs_4, serial_bayou_shore_b
Lair:5:   grunt_lair_end_beastmaster, layout_concentric_octagons,
          infiniplex_staircase_pool_2
Shoals:1: layout_shoals, serial_shops, shop, shop, nicolae_shop_statue_plus,
          shop, uniq_josephine
Shoals:2: layout_shoals, nicolae_shop_firing_range
Shoals:3: layout_shoals, st_cyclops, uniq_ilsuiw
Shoals:4: shoals_end_simple, layout_shoals
Spider:1: layout_spider_delve, nicolae_spider_eight_legs, uniq_donald,
          uniq_frances
Spider:2: layout_chambers
Spider:3: layout_spider_delve
Spider:4: johnstein_spider_rune_arachne_lair, uniq_mara, uniq_arachne
Slime:1:  layout_caves
Slime:2:  layout_caves
Slime:3:  layout_caves
Slime:4:  layout_caves
Slime:5:  slime_pit_nicolae_block_by_block
Orc:1:    hellmonk_paralyzer, layout_caves, gammafunk_ghost_split
Orc:2:    grunt_orc_cross, layout_caves, serial_shops,
          nicolae_shop_hallway_stairs, gammafunk_ghost_arena, uniq_snorg,
          uniq_saint_roka
Elf:1:    nicolae_elf_arrival_dilemma, layout_loops_corners, basic_altar,
          minmay_elf_annihilation, lemuel_upstairs_altar
Elf:2:    nicolae_elf_blades_splatter_lattice [nicolae_blade_little_rooms],
          layout_geoelf_grid, nicolae_elf_archery_training
Elf:3:    minmay_elf_hall_hex, layout_loops_cross, nicolae_trove_entry_columns,
          drop_trap
Vaults:1: gammafunk_dig_for_victory, vaults_room_grunt_arrival_ludios,
          vaults_room_corners, nicolae_vaults_puzzle_piece, v_misc_30,
          layout_vaults_chaotic_city, serial_shops, shop
Vaults:2: nicolae_whirlpool, nicolae_vaults_arrows, v_misc_17,
          nicolae_vaults_windows_and_doors_thing, nicolae_vaults_hallways_thing,
          nicolae_vaults_diamond_2, nicolae_vaults_tetromino_L_2,
          nicolae_vaults_cochlea, ontoclasm_vaults_chip,
          nicolae_vaults_surprise_closet, nicolae_vaults_diamond_1,
          layout_vaults_omnicross
Vaults:3: ontoclasm_vaults_eye, nicolae_vaults_statue_guard,
          minmay_crypt_entry_necro_gods, nicolae_vaults_network_quinsquares
          [nicolae_vaults_network_quincunx_subvault,
          nicolae_vaults_network_quincunx_subvault,
          nicolae_vaults_network_quincunx_subvault,
          nicolae_vaults_network_quincunx_subvault], vaults_mumra_chevron,
          v_misc_2, nicolae_vaults_three_branches,
          nicolae_vaults_little_squares_2, v_misc_14,
          nicolae_vaults_tetromino_T_1, layout_vaults_quadrants
Vaults:4: nicolae_vaults_trapezoid_4, v_misc_1, v_misc_10,
          hangedman_vaults_nodes, nicolae_vaults_house_3, vaults_room_pools,
          vaults_dpeg_ring, vaults_mumra_lcd, nicolae_vaults_network_periphery,
          nicolae_vaults_closet_pinwheel_2, vaults_room_pool, v_misc_3,
          ontoclasm_vaults_echo, layout_vaults_omnibox, serial_shops,
          nicolae_shop_tiny_statue_garden
Vaults:5: serial_shops
Crypt:1:  layout_rooms, serial_sigils_hangedman_shear,
          serial_library_hellmonk_junction
Crypt:2:  layout_misc_corridors
Crypt:3:  church_of_pain_bobbens, layout_chaotic_city, tomb_entry_shell_bobbens,
          uniq_josephina, uniq_vv, uniq_xtahua
Depths:1: layout_gridlike, serial_glass, glass_columns_c, glass_columns_a,
          pf_hell_entry_great_geh, serial_sigils_hangedman_quiver,
          nicolae_yredelemnul_ghost_church, serial_bayou_shore_a
Depths:2: evilmike_pillar_path, layout_long_grid, pan_entry, serial_rivers,
          chequers_serial_rivers_micro_b, chequers_serial_rivers_small_a,
          chequers_serial_rivers_room_b, chequers_serial_rivers_room_a,
          chequers_serial_rivers_micro_a, pf_hell_entry_tar_spiral,
          grunt_decor_junction, nicolae_dithmenos_the_darkroom,
          infiniplex_staircase_spiral
Depths:3: minmay_crystal_thing, layout_honeycomb, abyss_entry, hell_entry,
          kennysheep_generic_room_9, infiniplex_staircase_x, minmay_shop_star,
          serial_bayou_shore_b
Depths:4: grunt_zot_entry_hairpin, layout_cave_pools, enter_ziggurat_f,
          grunt_hell_entry_dis_grunt, chequers_serial_rivers_room_b,
          nicolae_shop_dragon_depot, okawaru_trees_2, uniq_margery
Zig:3

Skill      XL: |  1  2  3  4  5  6  7  8  9 10 11 12 13 14 15 16 17 18 19 20 21 22 23 24 25 26 27 |
---------------+----------------------------------------------------------------------------------+-----
Long Blades    | 4 5 6 7 9 11 12 14 17 20 | 20.0
Invocations    | 3 5 9 12 13 16 27 | 27.0
Evocations     | 5 |  5.0
Dodging        | 6 10 14 | 14.2
Armour         | 5 10 12 15 | 15.0
Fighting       | 5 10 11 15 23 | 23.8
Shields        | 6 8 10 12 14 15 | 15.0
Translocations | 4 11 15 | 15.0
Spellcasting   | 4 5 7 |  7.0
Air Magic      | 5 8 |  8.0
Ranged Weapons | 4 11 16 18 | 18.0
Conjurations   | 15 | 15.4

Action                     |  1- 3 |  4- 6 |  7- 9 | 10-12 | 13-15 | 16-18 | 19-21 | 22-24 | 25-27 || total
---------------------------+-------+-------+-------+-------+-------+-------+-------+-------+-------++-------
  Melee: Falchion          |   106 |   120 |   186 |   128 |       |       |       |       |       ||   540
         Scimitar          |       |       |       |   260 |   579 |   782 |  1187 |  1650 |   209 ||  4667
         Great sword       |       |       |       |       |       |   227 |   417 |       |       ||   644
         Eudemon blade     |       |       |       |       |       |       |       |       |  2743 ||  2743
         Kick              |       |       |       |       |       |       |       |       |    41 ||    41
   Fire: Hand cannon       |       |       |       |       |       |       |       |       |    16 ||    16
  Throw: Dart              |       |       |       |       |       |     2 |     1 |       |       ||     3
   Cast: Lesser Beckoning  |       |       |       |       |       |       |    34 |    71 |    78 ||   183
         Passage of Golubr |       |       |       |       |       |       |       |     5 |     1 ||     6
         Vhi's Electric Ch |       |       |       |       |       |       |       |    12 |   114 ||   126
         Teleport Other    |       |       |       |       |       |       |       |     2 |       ||     2
         Dispersal         |       |       |       |       |       |       |       |     1 |       ||     1
         Iskenderun's Myst |       |       |       |       |       |       |       |       |     1 ||     1
 Invoke: Heal Self         |       |       |     5 |    11 |     5 |    20 |     8 |       |       ||    49
         Heal Other        |       |       |     7 |    12 |     9 |    11 |    12 |       |       ||    51
         Purification      |       |       |     1 |     8 |       |     3 |    10 |       |       ||    22
         Divine Shield     |       |       |       |       |       |       |    11 |    14 |    56 ||    81
         Cleansing Flame   |       |       |       |       |       |       |       |    46 |   147 ||   193
         Summon Divine War |       |       |       |       |       |       |       |       |    26 ||    26
         Brand Weapon With |       |       |       |       |       |       |       |       |     1 ||     1
  Evoke: Wand              |       |       |     2 |    25 |    15 |    19 |    30 |     8 |    13 ||   112
         Box of beasts     |       |       |       |       |     1 |     2 |     3 |     1 |     5 ||    12
         Tin of tremorston |       |       |       |       |       |       |       |       |     2 ||     2
    Use: Scroll            |     2 |     2 |     4 |    13 |     5 |    11 |     7 |    12 |    29 ||    85
         Potion            |       |     3 |     7 |     1 |     3 |     2 |     4 |     1 |    32 ||    53
   Stab: Paralysed         |       |       |       |     3 |       |       |     1 |       |       ||     4
         Distracted        |       |       |       |     1 |       |     4 |     2 |       |       ||     7
         Invisible         |       |       |       |       |       |       |    10 |       |       ||    10
 Armour: Robe              |    14 |       |       |       |       |       |       |       |       ||    14
         Ring mail         |    44 |   177 |   162 |    92 |       |       |       |       |       ||   475
         Skin              |       |       |     7 |     5 |       |       |       |       |       ||    12
         Swamp dragon scal |       |       |       |    49 |       |       |       |       |       ||    49
         Pearl dragon scal |       |       |       |   165 |   316 |   482 |   795 |   583 |  1182 ||  3523
  Dodge: Dodged            |    76 |   168 |   144 |   279 |   398 |   637 |  1359 |  1059 |  1520 ||  5640
  Block: Buckler           |       |       |       |       |     1 |   116 |       |       |       ||   117
         Kite shield       |       |       |       |       |       |   278 |  1296 |  1558 |  2842 ||  5974
         Other             |       |       |       |       |       |       |    81 |       |       ||    81
         Reflection        |       |       |       |       |       |       |    24 |    53 |    70 ||   147

Table legend: (Time is in decaauts)
 A = Elapsed time spent in this place.
 B = Non-inter-level travel time spent in this place.
 C = Inter-level travel time spent in this place.
 D = Time resting spent in this place.
 E = Time spent auto-exploring this place.
 F = Levels seen in this place.
 G = Mean time per level.
                   A        B        C        D        E       F      G
               +--------+--------+--------+--------+--------+-----+--------+
         Total |  67519 |  61228 |   6291 |   6674 |  32624 |  80 |  844.0 |
       Dungeon |  16595 |  13915 |   2680 |   1024 |   8582 |  15 | 1106.3 |
        Temple |    289 |    256 |     33 |    122 |     78 |   1 |  289.0 |
          Lair |   7144 |   6200 |    944 |    564 |   3465 |   5 | 1428.8 |
        Shoals |   5320 |   5004 |    316 |   1104 |   2667 |   4 | 1330.0 |
   Spider Nest |   5962 |   5430 |    532 |    887 |   3037 |   4 | 1490.5 |
    Slime Pits |    931 |    873 |     58 |    216 |      0 |   5 |  186.2 |
  Orcish Mines |   2428 |   2233 |    195 |    265 |   1278 |   2 | 1214.0 |
   Elven Halls |   4417 |   4212 |    205 |    437 |   2404 |   3 | 1472.3 |
        Vaults |   8958 |   8368 |    590 |    858 |   5219 |   5 | 1791.6 |
         Crypt |   2821 |   2637 |    184 |     45 |   1642 |   3 |  940.3 |
        Depths |   4341 |   3791 |    550 |    131 |   2336 |   4 | 1085.2 |
         Abyss |    580 |    580 |      0 |      9 |      0 |   3 |  193.3 |
   Pandemonium |   6153 |   6153 |      0 |    654 |   1328 |  20 |  307.6 |
      Ziggurat |     72 |     72 |      0 |      0 |      0 |   3 |   24.0 |
         Trove |     65 |     65 |      0 |      0 |      0 |   1 |   65.0 |
      Ice Cave |    909 |    909 |      0 |    314 |    308 |   1 |  909.0 |
      Gauntlet |    526 |    526 |      0 |     41 |    275 |   1 |  526.0 |
               +--------+--------+--------+--------+--------+-----+--------+

Top non-repeatable levels by time:
Spider:3: 2117 daAuts
Vaults:1: 2039 daAuts
Vaults:3: 1908 daAuts
Depths:1: 1845 daAuts
Vaults:2: 1837 daAuts
Shoals:4: 1832 daAuts
  Lair:3: 1790 daAuts
Vaults:4: 1754 daAuts
Spider:4: 1732 daAuts
     D:7: 1676 daAuts
   Elf:1: 1589 daAuts
   Orc:2: 1517 daAuts
  Lair:1: 1517 daAuts
  Lair:2: 1509 daAuts
   Elf:3: 1484 daAuts
